 Dungeon Crawl Stone Soup version 0.28.0-47-ge53b351184 (webtiles) character file.

Game seed: 4401692901120042294

49 styxcanada the Sneak (level 3, 0/18 HPs)
             Began as a Spriggan Brigand on May 3, 2022.
             Killed from afar by a steam dragon (18 damage)
             ... with a ball of steam
             ... on level 3 of the Dungeon.
             The game lasted 00:04:22 (2527 turns).

styxcanada the Sneak (Spriggan Brigand)             Turns: 2527, Time: 00:04:22

Health: 0/18       AC:  4    Str:  7    XL:     3   Next: 51%
Magic:  4/4        EV: 16    Int: 12    God:
Gold:   97         SH:  0    Dex: 18    Spells: 2/2 levels left

rFire   . . .      SeeInvis +   a - +2 dagger
rCold   . . .      Faith    .   (no shield)
rNeg    . . .      Spirit   .   b - +0 robe
rPois   .          Reflect  .   j - +1 hat
rElec   .          Harm     .   c - +0 cloak
rCorr   .          Rampage  .   (gloves unavailable)
Will    .....                   (boots unavailable)
Stlth   ++++......              (no amulet)
HPRegen 0.06/turn               (no ring)
MPRegen 0.09/turn               (no ring)

@: weak-willed, very quick
A: very small, no large weapons, unfitting armour, see invisible, speed 3
a: no special abilities


You were on level 3 of the Dungeon.
You visited 1 branch of the dungeon, and saw 3 of its levels.

You collected 97 gold pieces.

Inventory:

Hand Weapons
 a - a +2 dagger (weapon)
Missiles
 d - 8 poisoned darts (quivered)
 e - 2 curare-tipped darts
 g - 49 stones
Armour
 b - a +0 robe (worn)
 c - a +0 cloak (worn)
 j - a +1 hat (worn)
Scrolls
 f - 3 scrolls of teleportation
Potions
 h - 2 potions of berserk rage
 l - a potion of attraction {unknown}


   Skills:
 * Level 1.7 Fighting
 + Level 2.5 Short Blades
 + Level 2.1 Throwing
 * Level 1.5 Dodging
 * Level 7.4 Stealth


You had 2 spell levels left.
You didn't know any spells.
Your spell library was empty.

Dungeon Overview and Level Annotations

Branches:
Dungeon (3/15)

Altars:
Ashenzari


Innate Abilities, Weirdness & Mutations

You are very small and have problems with some larger weapons.
You are too small for most types of armour.
You have supernaturally acute eyesight. (SInv)
You cover ground extremely quickly. (Speed+++)


Message History

Found a stone staircase leading up.
There is an open door here.
Found a stone staircase leading down.
There is an open door here.
You see here a +0 whip.
Partly explored, can't reach some places.
Partly explored, can't reach some places.
(D) Dungeon
Where to? (Enter - D:2, ? - help)
What level of the Dungeon? (default 1, ? - help)
You see here a +0 whip.
There is a stone staircase leading down here.
You climb downwards.
Found a robe.
There is a stone staircase leading up here.
As you read the scroll labelled FUVE BEQ DEOPT, it crumbles to dust.
You feel strangely unstable.
It was a scroll of teleportation.
As you read the scroll labelled WEZEOPS JEUJIN, it crumbles to dust.
Magic quickly surges around you.
It was a scroll of vulnerability.
As you read the scroll labelled ROAROF POGOUS, it crumbles to dust.
It is a scroll of identify.
h - 2 potions of berserk rage You start waiting.
Your surroundings suddenly seem different.
A steam dragon, an endoplasm and 2 orcs come into view.
An orc priest comes into view. It is wielding a +0 hand axe.
The helpless endoplasm fails to defend itself.
You spit the endoplasm like a pig!!!
You kill the endoplasm!
The orc shouts!
You hear a shout!
An orc comes into view. It is wielding a +0 club.
An orc, an orc priest and an orc wizard come into view.
The steam dragon hisses angrily.
The orc priest shouts!
The orc wizard shouts!
The orc shouts!
An orc comes into view. It is wielding a +0 dagger.
The orc priest looks encouraged for a moment.
The steam dragon breathes steam at you. The ball of steam hits you!!
Ouch! That really hurt!
You die...

##.#o #.# ## .#
#.# .. ..# #o#
.# #... #.#
.#...o. #o#
.#.#o.. #
#.###o.....#
#.#......o##.#
#..@ยงยง.D.o.o.#
###########..#


You could see 4 orcs.

Vanquished Creatures
  An adder (D:2)
  A dart slug (D:2)
  7 bats
  4 endoplasms
  2 goblins (D:1)
  3 hobgoblins (D:1)
  3 jackals (D:1)
  A quokka (D:1)
  6 ball pythons
  A frilled lizard (D:1)
  A kobold (D:2)
  4 rats
34 creatures vanquished.

Notes
Turn   | Place    | Note
-------+----------+-------------------------------------------
     0 | D:1      | styxcanada the Spriggan Brigand began the quest for the
                  | Orb.
     0 | D:1      | Reached XP level 1. HP: 10/10 MP: 2/2
    50 | D:1      | Reached skill level 6 in Stealth
   176 | D:1      | Reached XP level 2. HP: 11/14 MP: 3/3
   877 | D:1      | Reached skill level 7 in Stealth
  1586 | D:2      | Reached XP level 3. HP: 7/18 MP: 4/4
  1890 | D:2      | Found a broken altar of Ashenzari.
  2520 | D:3      | Noticed a steam dragon
  2527 | D:3      | Killed from afar by a steam dragon

Illustrated notes

Levels and vault maps discovered:
D:1:      shiori_arrival_whats_in_store_for_you, layout_loops_corners
D:2:      layout_basic, basic_altar, minmay_crystal_water
D:3:      layout_loops_ring, mainiacjoe_overflow_concentric_impassable,
          hellmonk_ecumenical_altar_heavens_door, uniq_robin, uniq_ijyb

Skill      XL: |  1  2 |
---------------+-------+-----
Stealth        | 6 7 |  7.4
Fighting       | |  1.7
Short Blades   | |  2.5
Throwing       | |  2.1
Dodging        | |  1.5

Action                   || total
-------------------------++-------
Melee: Dagger            ||    73
Throw: Dart              ||     5
  Use: Scroll            ||     3
 Stab: Sleeping          ||    13
Armor: Robe              ||     9
Dodge: Dodged            ||    25
